 Dungeon Crawl Stone Soup version 0.25-a0-340-ga1faa1601d (webtiles) character file.

Game seed: 11319065516278032697, levelgen mode: classic

110088 Borgoz the Bludgeoner (level 16, -4/160 HPs)
             Began as a Gargoyle Fighter on Dec 30, 2019.
             Was a High Priest of Okawaru.
             Killed by divine providence
             ... invoked by an orc priest
              (15 damage)
             ... on level 2 of the Orcish Mines.
             The game lasted 00:57:22 (24826 turns).

Borgoz the Bludgeoner (Gargoyle Fighter)           Turns: 24826, Time: 00:57:22

Health: -4/160     AC: 36    Str: 33    XL:     16   Next: 54%
Magic:  23/23      EV: 19    Int:  9    God:    Okawaru [*****.]
Gold:   2016       SH:  0    Dex: 14    Spells: 13/15 levels left

rFire    + + +     SeeInvis +   b - +3 quarterstaff (speed)
rCold    . . .     Gourm    .   (shield currently unavailable)
rNeg     + + +     Faith    .   K - +4 scale mail {rF+}
rPois    ∞         Spirit   .   d - +1 hat of Tykhu {rN+ rCorr SInv}
rElec    +         Reflect  .   z - +1 cloak {rF+}
rCorr    +         Harm     .   i - +0 pair of gloves of the Cricket {rPois rN++ Slay+6}
MR       +....                  p - +2 pair of boots {run}
Stlth    ..........             T - amulet of regeneration
HPRegen  0.76/turn              y - ring "Rodghoem" {rF+ Str+5 Dex-5 SInv}
MPRegen  0.18/turn              n - +6 ring of dexterity

@: berserking (expiring), heroism, flying, very quick
A: big wings, negative energy resistance 1, electricity resistance, unbreathing,
petrification resistance, rot immunity, AC +12
a: Stop Flying, Heroism, Finesse, Renounce Religion


You were on level 2 of the Orcish Mines.
You worshipped Okawaru.
Okawaru was extremely pleased with you.
You were not hungry.

You visited 3 branches of the dungeon, and saw 23 of its levels.
You also visited: Gauntlet, Ice Cave and Volcano.

You collected 2169 gold pieces.
You spent 153 gold pieces at shops.

Inventory:

Hand Weapons
 a - the +8 dire flail of the Peculiar Souls {crush, *Slow rC- rN+++ Dex+5}
   (Okawaru gifted it to you on level 1 of the Lair of Beasts)

   It inflicts extra damage upon your enemies.
   It affects your dexterity (+5).
   It makes you vulnerable to cold.
   It renders you almost immune to negative energy.
   It may slow you when you take damage.
 b - a +3 quarterstaff of speed (weapon)
 w - a +4 quick blade
 x - a +1 quick blade of flaming
 G - the +9 arbalest "Jellyslayer" {velocity, Int+4 Dex+4, unknown}
   (You found it in a Gauntlet)

   Any bolt fired from it inflicts extra damage.
   It affects your intelligence (+4).
   It affects your dexterity (+4).
 R - a +2 great mace of flaming
 V - a +3 great mace of holy wrath
Armour
 d - the +1 hat of Tykhu (worn) {rN+ rCorr SInv}
   (You found it in an ice cave)

   It protects you from negative energy.
   It lets you see invisible.
   It provides partial protection from all sources of acid and corrosion.
 i - the +0 pair of gloves of the Cricket (worn) {rPois rN++ Slay+6}
   (You found it on level 7 of the Dungeon)

   It affects your accuracy and damage with ranged weapons and melee attacks
   (+6).
   It protects you from poison.
   It greatly protects you from negative energy.
 p - a +2 pair of boots of running (worn)
 z - a +1 cloak of fire resistance (worn)
 F - the cursed +1 ice dragon scales of Munomawn {rF- rC++ rN+ Regen+ Dex-2}
   (You took it off a minotaur in a Gauntlet)

   It affects your dexterity (-2).
   It makes you vulnerable to fire.
   It greatly protects you from cold.
   It protects you from negative energy.
   It increases your rate of regeneration.
   It has a curse placed upon it.
 H - +0 steam dragon scales
 I - +0 shadow dragon scales
 K - a +4 scale mail of fire resistance (worn)
 L - a +0 shield of fire resistance
 O - +0 acid dragon scales
 W - a scarf of spirit shield
Jewellery
 n - a +6 ring of dexterity (right hand)
 y - the ring "Rodghoem" (left hand) {rF+ Str+5 Dex-5 SInv}
   (You found it in a Gauntlet)

   [ring of protection from fire]

   It affects your strength (+5).
   It affects your dexterity (-5).
   It protects you from fire.
   It lets you see invisible.
 J - an uncursed ring of protection from magic
 M - a +2 ring of evasion
 T - an amulet of regeneration (around neck)
Wands
 j - a wand of flame (23)
 k - a wand of paralysis (6)
 q - a wand of enslavement (7)
 s - a wand of clouds (8)
 E - a wand of digging (12)
 U - a wand of acid (20)
 Y - a wand of iceblast (22)
Scrolls
 c - a scroll of torment {unknown}
 e - 5 scrolls of blinking {unknown}
 g - 4 scrolls of fear {unknown}
 h - 16 scrolls of remove curse
 l - 9 scrolls of teleportation
 r - a scroll of amnesia
 u - a scroll of brand weapon
 C - 4 scrolls of fog
 D - a scroll of acquirement {unknown}
Potions
 m - a potion of lignification
 o - 2 potions of ambrosia
 v - 13 potions of curing
 A - 4 potions of might
 B - 4 potions of agility
 N - a potion of cancellation
 P - 6 potions of haste
 S - 4 potions of berserk rage
 X - a potion of heal wounds
 Z - a potion of brilliance
Comestibles
 f - 46 rations


   Skills:
 + Level 14.4(19.4) Fighting
 * Level 17.2(22.2) Maces & Flails
 + Level 14.4(19.4) Armour
 + Level 7.7(12.7) Dodging
 - Level 3.2(8.2) Shields
 - Level 5.0 Translocations
 - Level 10.0 Invocations


You had 13 spell levels left.
You knew the following spells:

 Your Spells              Type           Power        Failure   Level  Hunger
a - Blink                 Tloc           N/A          12%         2    ###....

Your spell library contained the following spells:

 Spells                   Type           Power        Failure   Level  Hunger
 Gell's Gravitas          Tloc           #.........   22%         3    ####...
 Shroud of Golubria       Chrm/Tloc      #.....       32%         2    ###....
 Corona                   Hex            #......      52%         1    ##.....
 Freeze                   Ice            #...         52%         1    ##.....
 Infusion                 Chrm           #...         52%         1    ##.....
 Magic Dart               Conj           #...         52%         1    ##.....
 Sandblast                Erth           #.....       52%         1    ##.....
 Portal Projectile        Hex/Tloc       #.....       54%         3    ####...
 Call Imp                 Summ           #.......     65%         2    ###....
 Corpse Rot               Necr/Air       N/A          65%         2    ###....
 Passwall                 Tmut/Erth      #.......     65%         2    ###....
 Slow                     Hex            #.......     65%         2    ###....
 Song of Slaying          Chrm           #.......     65%         2    ###....
 Conjure Flame            Conj/Fire      #.......     87%         3    ####...
 Inner Flame              Hex/Fire       #.......     87%         3    ####...
 Mephitic Cloud           Conj/Pois/Air  #.......     87%         3    ####...
 Ozocubu's Armour         Chrm/Ice       #.......     87%         3    ####...
 Regeneration             Chrm/Necr      #.........   87%         3    ####...
 Spectral Weapon          Hex/Chrm       #.......     87%         3    ####...
 Stone Arrow              Conj/Erth      #.....       87%         3    ####...
 Cause Fear               Hex            #.........   99%         4    #####..
 Hailstorm                Conj/Ice       #.......     99%         4    #####..
 Leda's Liquefaction      Hex/Erth       #.........   99%         4    #####..
 Petrify                  Tmut/Erth      #.......     99%         4    #####..
 Summon Ice Beast         Ice/Summ       #.......     99%         4    #####..
 Summon Forest            Summ/Tloc      #.........   99%         5    ######.
 Lee's Rapid Deconstruct  Erth           #.........   100%        5    ######.
 Dispersal                Tloc           #.........   100%        6    #######
 Eringya's Noxious Bog    Tmut/Pois      #.........   100%        6    #######
 Hydra Form               Tmut           #.........   100%        6    #######
 Ozocubu's Refrigeration  Ice            #.........   100%        6    #######
 Simulacrum               Ice/Necr       #.........   100%        6    #######
 Summon Hydra             Summ           #.........   100%        7    #######
 Controlled Blink         Tloc           N/A          100%        8    #######
 Disjunction              Tloc           #.........   100%        8    #######


Dungeon Overview and Level Annotations

Branches:
Dungeon (15/15)            Temple (0/1) D:5            Lair (6/6) D:9
  Swamp (0/4) Lair:3        Snake (0/4) Lair:4        Slime (0/5) Lair:5
    Orc (2/2) D:12            Elf (0/3) Orc:2        Vaults (0/5) D:14
 Depths (0/5) D:15          IceCv (visited)         Volcano (visited)
Gauntlet (visited)

Altars:
Ashenzari
Cheibriados
Elyvilon
Gozag
Hepliaklqana
Kikubaaqudgha
Makhleb
Okawaru
Qazlal
Ru
Sif Muna
Trog
Vehumet
Wu Jian
The Shining One
Jiyva

Shops:
D:11 :   D:13 [(

Portals:
Trove: D:12 (give 19 potions of curing)

Annotations:
D:15 Azrael


Innate Abilities, Weirdness & Mutations

You are resistant to torment.
Your stone body is resilient. (AC +12)
You are immune to poison.
Your large and strong wings let you fly indefinitely.
You resist negative energy. (rN+)
You are resistant to electric shocks. (rElec)
You can survive without breathing.
You are immune to petrification.
You are immune to rotting.


Message History

Okawaru accepts your kill.
The orc warrior hits you with a +0 battleaxe!
* * * LOW HITPOINT WARNING * * *
You bludgeon the orc warrior!!
You kill the orc warrior!
Okawaru accepts your kill.
The orc high priest mumbles some strange prayers to Beogh against you.
Beogh smites you!
* * * LOW HITPOINT WARNING * * *
The orc priest closely misses you.
You closely miss the orc priest. You bludgeon the orc priest!!
You kill the orc priest!
Okawaru accepts your kill.
The orc high priest mumbles some strange prayers to Beogh.
An orc priest comes into view.
It is wielding a +1 flail of protection.
You feel a strong urge to attack something.
The orc priest mumbles some strange prayers to Beogh against you.
Beogh smites you!
You die...

....#..#..## ##.## ....#...###
### ...oo...## ...ooo...#
.....o...# *** ........######
*### **,** ....oo.o###≈o####..###
*,,,****
....#.#...oo)).......##***,**,,**
....#......o.o..@.....#,,,,,,,,,*
###*##..##≈≈4≈###.$.....,,,**,,,*
#...###≈≈≈# *.......,*,**,,** **
#$.## #≈#≈# *.....#.,,,,,,,,* ,*
#..***#####**#....#*,*,,,,,** ,*
#..**,*****,**....#****,*,,,* ,*
#..,**,,,,,**,...#.#**,**,,,* ,*
*,,*,,,,,,****.##...*,,,,,,,* ,*
***,,,,,,,,,****,,,,**,,,,,**


You could see 2 orc high priests, a hellwing, an orc warrior and 2 orc priests.

Vanquished Creatures
  Rupert (D:13)
  An orc warlord (Orc:2)
  A minotaur (Gauntlet)
  A fire dragon (Volcano)
  Josephine (D:11)
  A death ooze (Gauntlet)
  5 vault guards (D:14)
  9 hydras
  A centaur warrior (D:15)
  7 two-headed ogres
  Urug (Lair:1)
  Nergalle (D:11)
  Sonja (Lair:1)
  A wizard (D:14)
  An unseen horror (D:15)
  A glowing orange brain (D:15)
  Pikel (D:6)
  2 deep elf magi
  13 ugly things
  A necromancer (IceCv)
  An orc knight (Orc:1)
  An oklob plant (Lair:6)
  3 salamanders (Volcano)
  An orc sorcerer (D:14)
  A cyclops (D:12)
  A manticore (D:14)
  A moth of wrath (Gauntlet)
  A cyclops (shapeshifter) (D:15)
  An ice statue (IceCv)
  5 elephants
  3 black mambas
  A gargoyle (D:14)
  7 komodo dragons
  2 kobold demonologists
  4 centaur skeletons
  A torpor snail (Lair:6)
  21 spiny frogs
  An efreet (D:13)
  A rime drake (Lair:1)
  10 freezing wraiths (IceCv)
  A redback zombie (D:12)
  2 ice devils (Lair:5)
  A merfolk (D:9)
  8 trolls
  5 polar bears (Lair:6)
  2 queen bees
  5 hornets (Lair:6)
  2 tyrant leeches (Lair:3)
  A polar bear (shapeshifter) (D:15)
  A wolf spider simulacrum (IceCv)
  15 blink frogs
  15 dream sheep
  13 hippogriffs
  17 slime creatures
  2 centaur simulacra
  14 spriggans (Lair:6)
  12 wyverns
  A shadow (D:13)
  6 wraiths
  A human (D:14)
  A water elemental (D:14)
  8 fire bats (Volcano)
  4 basilisks
  37 yaks
  A golden eye (shapeshifter) (D:15)
  3 vampire mosquitoes (D:14)
  Grum (D:11)
  4 steam dragons
  2 wargs
  A swamp worm (Lair:3)
  24 water moccasins
  A hell hound (D:15)
  2 acid dragons
  An acid dragon (shapeshifter) (D:15)
  10 porcupines
  4 phantoms
  A swamp drake (D:12)
  23 orc warriors
  7 sky beasts
  14 ice beasts
  3 necrophages (D:11)
  A black bear (Lair:6)
  4 slaves (D:6)
  An alligator simulacrum (IceCv)
  2 eyes of draining (D:13)
  22 centaurs
  62 wolves
  7 ogres
  3 boggarts (Lair:6)
  19 crocodiles
  3 big kobolds
  Blork the orc (D:4)
  20 bullfrogs
  A wyvern zombie (D:9)
  4 scorpions
  A scorpion (shapeshifter) (D:9)
  32 killer bees
  15 wights
  7 howler monkeys
  3 electric eels
  8 crimson imps
  3 quasits
  15 orc priests
  A bullfrog zombie (D:5)
  4 draconian simulacra (IceCv)
  7 hounds
  11 jellies
  A bullfrog skeleton (D:11)
  6 iguanas
  7 worker ants
  Natasha (thrice) (D:4)
  20 orc wizards
  9 troll simulacra (IceCv)
  A spriggan simulacrum (IceCv)
  2 wolf simulacra (IceCv)
  A worker ant zombie (D:5)
  7 gnolls
  3 naga simulacra (IceCv)
  2 ogre simulacra (IceCv)
  25 adders
  2 shadow imps (D:12)
  12 white imps (IceCv)
  3 oozes
  3 adder zombies
  2 worms (D:3)
  A dart slug (D:2)
  10 leopard geckos
  63 orcs
  10 giant cockroaches
  7 goblins
  4 hobgoblins
  11 jackals
  4 quokkas
  A ball python (D:3)
  A ball python skeleton (D:4)
  7 bats
  A frilled lizard (D:2)
  21 kobolds
  A leopard gecko skeleton (D:2)
  A quokka skeleton (D:4)
  2 quokka zombies (D:6)
  6 rats
911 creatures vanquished.

Vanquished Creatures (others)
  An ogre (D:4)
  An orc priest (D:4)
  An orc wizard (D:4)
  Ijyb (D:4)
  An orc (D:4)
  A fungus (Lair:6)
  10 plants
  A withered plant (Gauntlet)
17 creatures vanquished.

Grand Total: 928 creatures vanquished

Notes
Turn   | Place    | Note
-------+----------+-------------------------------------------
     0 | D:1      | Borgoz the Gargoyle Fighter began the quest for the Orb.
     0 | D:1      | Reached XP level 1. HP: 14/14 MP: 1/1
   279 | D:1      | Reached XP level 2. HP: 18/19 MP: 2/2
  1068 | D:2      | Reached XP level 3. HP: 22/23 MP: 3/3
  1141 | D:2      | Reached skill level 3 in Maces & Flails
  1327 | D:2      | Reached XP level 4. HP: 27/29 MP: 4/4
  1654 | D:2      | Reached XP level 5. HP: 32/33 MP: 5/5
  2008 | D:3      | Found a radiant altar of Vehumet.
  2009 | D:3      | Found a burning altar of Makhleb.
  2014 | D:3      | Reached skill level 4 in Maces & Flails
  2025 | D:3      | Found an iron altar of Okawaru.
  2041 | D:3      | Became a worshipper of Warmaster Okawaru
  2327 | D:3      | Reached XP level 6. HP: 39/39 MP: 6/6
  2574 | D:3      | Found an ornate altar of the Wu Jian Council.
  2677 | D:4      | Found a sacrificial altar of Ru.
  2748 | D:4      | Found a shattered altar of Ashenzari.
  2749 | D:4      | Noticed Blork the orc
  2757 | D:4      | Killed Blork the orc
  2757 | D:4      | Reached * piety under Okawaru
  2757 | D:4      | Reached skill level 5 in Maces & Flails
  2770 | D:4      | Noticed a phantom
  2771 | D:4      | Noticed Ijyb
  2787 | D:4      | Killed Ijyb
  2794 | D:4      | Killed a phantom
  2794 | D:4      | Reached skill level 5 in Fighting
  2794 | D:4      | Reached skill level 5 in Armour
  2794 | D:4      | Reached XP level 7. HP: 25/44 MP: 7/7
  2814 | D:5      | Entered Level 5 of the Dungeon
  3111 | D:4      | Found a hazy altar of Hepliaklqana.
  3255 | D:4      | Reached skill level 6 in Maces & Flails
  3370 | D:4      | Noticed Natasha
  3375 | D:4      | Killed Natasha
  3375 | D:4      | Reached ** piety under Okawaru
  3539 | D:4      | Noticed Natasha
  3553 | D:4      | Killed Natasha
  3625 | D:4      | Reached XP level 8. HP: 49/51 MP: 8/8
  4095 | D:5      | Found a glowing golden altar of the Shining One.
  4167 | D:4      | Noticed Natasha
  4169 | D:4      | Killed Natasha
  4225 | D:5      | Got a smoking dagger
  4331 | D:5      | Reached skill level 7 in Maces & Flails
  4357 | D:5      | Found a staircase to the Ecumenical Temple.
  5055 | D:6      | Found a bloodstained altar of Trog.
  5089 | D:6      | Reached skill level 8 in Maces & Flails
  5305 | D:6      | Found a shimmering blue altar of Sif Muna.
  5307 | D:6      | Found a glowing golden altar of the Shining One.
  5362 | D:6      | Found a stormy altar of Qazlal.
  5365 | D:6      | Found an ancient bone altar of Kikubaaqudgha.
  5391 | D:6      | Found a snail-covered altar of Cheibriados.
  5391 | D:6      | Found an iron altar of Okawaru.
  5478 | D:6      | Reached *** piety under Okawaru
  5478 | D:6      | Reached XP level 9. HP: 56/56 MP: 9/9
  5511 | D:6      | Noticed Pikel
  5556 | D:6      | Killed Pikel
  5556 | D:6      | Received a gift from Okawaru
  5782 | D:6      | Found an opulent altar of Gozag.
  5909 | D:6      | Reached skill level 9 in Maces & Flails
  6205 | D:7      | Got a pair of ichor-stained gloves
  6211 | D:7      | Identified the +0 pair of gloves of the Cricket {rPois rN++
                  | Slay+6} (You found it on level 7 of the Dungeon)
  6277 | D:7      | Reached **** piety under Okawaru
  6339 | D:7      | Received a gift from Okawaru
  6558 | D:7      | Identified the +9 dagger "Ogrebane" {venom, rElec rC-
                  | Str+4} (You found it on level 5 of the Dungeon)
  6574 | D:7      | Reached skill level 10 in Maces & Flails
  6574 | D:7      | Reached XP level 10. HP: 56/66 MP: 9/12
  7700 | D:9      | Noticed a two-headed ogre
  7710 | D:9      | Killed a two-headed ogre
  7864 | D:9      | Reached XP level 11. HP: 72/72 MP: 14/14
  7901 | D:9      | Noticed a two-headed ogre
  7901 | D:9      | Noticed a green ugly thing
  7919 | D:9      | Killed a two-headed ogre
  7919 | D:9      | Reached skill level 10 in Fighting
  7919 | D:9      | Reached skill level 11 in Maces & Flails
  7919 | D:9      | Reached skill level 10 in Armour
  7923 | D:9      | Killed a green ugly thing
  8066 | D:9      | Got a transparent golden ring
  8090 | D:9      | Identified the ring of Eroas {*Tele MP+9 Str+4 Dex+2
                  | Slay-2} (You found it on level 9 of the Dungeon)
  8189 | D:9      | Found an opulent altar of Gozag.
  8236 | D:9      | Reached ***** piety under Okawaru
  8292 | D:9      | Reached skill level 5 in Invocations
  8784 | D:9      | Found a staircase to the Lair.
  8817 | D:10     | Entered Level 10 of the Dungeon
  9557 | D:11     | Reached skill level 12 in Maces & Flails
  9999 | D:11     | Received a gift from Okawaru
 10133 | D:11     | Reached XP level 12. HP: 70/79 MP: 16/16
 10190 | D:11     | Noticed Grum
 10204 | D:11     | Killed Grum
 10244 | D:11     | Noticed Nergalle
 10267 | D:11     | Killed Nergalle
 10458 | D:11     | Noticed Josephine
 10471 | D:11     | Killed Josephine
 10514 | D:11     | Found Lymum's Book Shoppe.
 10748 | D:11     | Found a white marble altar of Elyvilon.
 10809 | D:11     | Noticed a two-headed ogre
 10818 | D:11     | Killed a two-headed ogre
 11085 | D:12     | Got a heavily jewelled robe
 11159 | D:12     | Reached skill level 13 in Maces & Flails
 11585 | D:12     | You fall into a shaft and drop 2 floors!
 11718 | D:14     | Noticed a two-headed ogre
 11729 | D:14     | Killed a two-headed ogre
 11729 | D:14     | Received a gift from Okawaru
 11788 | D:14     | Reached XP level 13. HP: 65/85 MP: 16/19
 12051 | D:14     | Noticed a vault guard
 12052 | D:14     | Noticed a vault guard
 12385 | D:13     | Noticed Rupert
 12418 | D:13     | Killed Rupert
 12562 | D:13     | Found Yhigra's Armour Emporium.
 12576 | D:13     | Reached skill level 14 in Maces & Flails
 12600 | D:13     | Bought a scarf of spirit shield for 153 gold pieces
 12846 | D:13     | Received a gift from Okawaru
 13310 | D:12     | Found a portal to a secret trove of treasure.
 13520 | D:12     | Found a staircase to the Orcish Mines.
 13674 | D:13     | Found Ablu's Antique Weapon Shoppe.
 14013 | D:13     | Found a viscous altar of Jiyva.
 14397 | D:15     | Entered Level 15 of the Dungeon
 14469 | D:15     | Noticed Azrael
 14479 | D:15     | Gained mutation: Your large and strong wings let you fly
                  | indefinitely. [Gargoyle growth]
 14479 | D:15     | Reached XP level 14. HP: 65/92 MP: 14/21
 15028 | Lair:1   | Entered Level 1 of the Lair of Beasts
 15070 | Lair:1   | Noticed Urug
 15084 | Lair:1   | Killed Urug
 15201 | Lair:1   | Noticed Sonja
 15208 | Lair:1   | Killed Sonja
 15433 | Lair:1   | Received a gift from Okawaru
 15460 | Lair:1   | Got a crystal dire flail {god gift}
 15461 | Lair:1   | Identified the +8 dire flail of the Peculiar Souls {crush,
                  | *Slow rC- rN+++ Dex+5} (Okawaru gifted it to you on level 1
                  | of the Lair of Beasts)
 15472 | Lair:1   | Identified the +3 robe of Beogh's Approval {rPois Stlth+}
                  | (You found it on level 12 of the Dungeon)
 15903 | Lair:2   | Reached skill level 5 in Dodging
 15993 | Lair:2   | Reached skill level 15 in Maces & Flails
 16536 | Lair:2   | Reached skill level 10 in Invocations
 16544 | Lair:2   | Received a gift from Okawaru
 17016 | Lair:3   | Received a gift from Okawaru
 17082 | Lair:3   | Identified a +1 pair of boots of running (Okawaru gifted it
                  | to you on level 3 of the Lair of Beasts)
 17192 | Lair:3   | Found a staircase to the Swamp.
 17237 | Lair:3   | Learned a level 2 spell: Blink
 17717 | Lair:3   | Reached skill level 1 in Translocations
 17996 | Lair:4   | Found a staircase to the Snake Pit.
 18303 | Lair:4   | Reached XP level 15. HP: 99/99 MP: 22/22
 19213 | Lair:5   | Reached skill level 16 in Maces & Flails
 19224 | Lair:5   | Received a gift from Okawaru
 19230 | Lair:5   | Got a pitted hat {god gift}
 19236 | Lair:5   | Identified the +0 hat of the Volcano {+Fly Str-4 Int+7}
                  | (Okawaru gifted it to you on level 5 of the Lair of Beasts)
 19278 | Lair:5   | Found a frozen archway.
 19299 | IceCv    | Entered an ice cave
 19530 | IceCv    | Found an ancient bone altar of Kikubaaqudgha.
 19818 | IceCv    | Identified Xidis's Compendium of the Snowflakes
 19839 | IceCv    | Got a faintly humming hat
 19845 | IceCv    | Identified the +1 hat of Tykhu {rN+ rCorr SInv} (You found
                  | it in an ice cave)
 19996 | Lair:5   | Found a staircase to the Slime Pits.
 20696 | Lair:6   | Entered Level 6 of the Lair of Beasts
 21437 | Lair:6   | Reached ****** piety under Okawaru
 21731 | Lair:6   | Received a gift from Okawaru
 22398 | D:14     | Reached XP level 16. HP: 106/106 MP: 23/23
 22506 | D:14     | Found a gate to the Vaults.
 22959 | D:15     | Found a staircase to the Depths.
 23303 | Orc:1    | Entered Level 1 of the Orcish Mines
 23332 | Orc:1    | Received a gift from Okawaru
 23337 | Orc:1    | Reached skill level 5 in Translocations
 23531 | Orc:2    | Entered Level 2 of the Orcish Mines
 23590 | Orc:2    | Found a staircase to the Elven Halls.
 23603 | Orc:2    | Found a gate leading to a gauntlet.
 23617 | Gauntlet | Entered a Gauntlet
 23617 | Gauntlet | Found a transporter.
 23621 | Gauntlet | Found a transporter.
 23623 | Gauntlet | Found a transporter.
 23650 | Gauntlet | Found a transporter.
 23658 | Gauntlet | Found a transporter.
 23660 | Gauntlet | Found a transporter.
 23671 | Gauntlet | Found a transporter.
 23687 | Gauntlet | Found a transporter.
 23697 | Gauntlet | Found a transporter.
 23704 | Gauntlet | Found a runed translucent door.
 23708 | Gauntlet | Found a transporter.
 23721 | Gauntlet | Found a transporter.
 23737 | Gauntlet | Found a transporter.
 23847 | Gauntlet | Found a transporter.
 23901 | Gauntlet | Received a gift from Okawaru
 23928 | Gauntlet | Got a glittering bronze ring
 23935 | Gauntlet | Identified the ring "Rodghoem" {rF+ Str+5 Dex-5 SInv} (You
                  | found it in a Gauntlet)
 23948 | Gauntlet | Identified the cursed +1 ice dragon scales of Munomawn {rF-
                  | rC++ rN+ Regen+ Dex-2}
 23966 | Gauntlet | Reached skill level 17 in Maces & Flails
 23973 | Gauntlet | Got a jewelled arbalest
 24015 | Orc:2    | Found a dark tunnel.
 24064 | Volcano  | Entered a volcano
 24795 | Orc:2    | Received a gift from Okawaru
 24826 | Orc:2    | Killed from afar by an orc priest

Levels and vault maps discovered:
D:1:      dpeg_arrival_pits, layout_basic
D:2:      minmay_roachtagon, layout_rooms, serial_rivers,
          chequers_serial_rivers_room_a, chequers_serial_rivers_small_b,
          chequers_serial_rivers_micro_c, chequers_serial_rivers_room_b,
          chequers_serial_rivers_small_b, first_ration
D:3:      layout_basic, grunt_temple_overflow_lords_of_destruction,
          lemuel_doored_altar, okawaru_trees_2
D:4:      minmay_razor_zed, layout_basic, marbit_many_paths, lemuel_round_altar,
          cheibrodos_ashenzari_chains, uniq_ijyb, uniq_blork_the_orc,
          uniq_natasha
D:5:      layout_basic, minmay_temple_entry_mini_moons, tso_metal_star
D:6:      layout_cave_pods, nicolae_overflow_hidden_temple,
          gammafunk_temple_overflow_elements,
          nicolae_gozag_cash_rules_everything_around_me, uniq_pikel
D:7:      layout_basic, minmay_manual_moon
D:8:      layout_cave_pools
D:9:      minmay_the_grid_triangle_9x9_recursive_2
          [minmay_the_grid_triangle_9x9_prize_insulated,
          minmay_the_grid_triangle_9x9_negative_grid,
          minmay_the_grid_triangle_9x9_corruption,
          minmay_the_grid_triangle_9x9_sparse_checkered], layout_irregular_city,
          lemuel_crystal_altar, grunt_lair_entry_orc_guard_hut,
          hangedman_fish_farm, statue_in_the_mist_lemuel
D:10:     layout_basic
D:11:     layout_loops_corners, serial_shops, shop, basic_altar,
          minmay_misc_feat_ornament, uniq_josephine, uniq_grum, uniq_nergalle
D:12:     layout_big_octagon, erik_orc_1, nicolae_trove_entry_free_sample,
          minmay_misc_feat_cross
D:13:     layout_grid_maze, serial_shops, shop, shop, corexii_checkpoint_a,
          jiyva_altar_1, uniq_rupert
D:14:     layout_loops_ring, grunt_vaults_entry_fortified, serial_bayou_shore_a
D:15:     gammafunk_enter_depths_forms, layout_gridville, uniq_azrael
Lair:1:   layout_cave_pods, nicolae_quartered_pool_super,
          chequers_serial_rivers_marsh, uniq_sonja, uniq_urug
Lair:2:   layout_roguey, beast_lair_carwin_7
Lair:3:   regret_index_wax_grids, layout_gridlike, minmay_swamp_entry_worms
Lair:4:   layout_cave_pods, minmay_snake_entry_six_corridors
Lair:5:   layout_loops_ring, nicolae_slime_entry_slimehenge,
          portal_ice_cave_demonic_guard
Lair:6:   minmay_lair_end_enchanted_forest, layout_long_grid,
          grunt_megastairs_2, lemuel_fruit_fields
Orc:1:    layout_diamond_mine, serial_shops, shop
Orc:2:    st_orc_congregation, layout_caves, gauntlet_entry_generic,
          nicolae_volcano_entry_hallway

Skill      XL: |  1  2  3  4  5  6  7  8  9 10 11 12 13 14 15 16 |
---------------+-------------------------------------------------+-----
Maces & Flails | 3 4 5 6 8 10 12 13 14 15 16 17 | 17.2
Armour         | 4 5 6 9 10 11 12 13 14 | 14.4
Fighting       | 4 5 6 9 10 11 12 13 14 | 14.4
Dodging        | 4 5 7 |  7.7
Invocations    | 3 4 6 8 9 10 | 10.0
Translocations | 1 4 5 |  5.0
Shields        | |  3.2

Action                   |  1- 3 |  4- 6 |  7- 9 | 10-12 | 13-15 | 16-18 || total
-------------------------+-------+-------+-------+-------+-------+-------++-------
Melee: Flail             |   118 |   107 |       |       |       |       ||   225
       Morningstar       |       |    52 |   402 |       |       |       ||   454
       Quarterstaff      |       |       |       |   827 |  1986 |   491 ||  3304
       Quick blade       |       |       |       |       |       |     7 ||     7
Invok: Heroism           |       |       |     1 |     9 |    26 |    10 ||    46
       Finesse           |       |       |       |     1 |       |       ||     1
 Abil: Fly               |       |       |       |       |     1 |       ||     1
Evoke: Wand              |       |       |       |       |     2 |       ||     2
  Use: Potion            |       |     5 |     1 |     1 |     2 |     3 ||    12
       Scroll            |       |       |     9 |     4 |    16 |     2 ||    31
 Stab: Sleeping          |       |       |       |       |     3 |       ||     3
       Distracted        |       |       |       |       |     2 |       ||     2
  Eat: Chunk             |     1 |     5 |    13 |    17 |    30 |     8 ||    74
       Ration            |       |       |       |       |     1 |       ||     1
Armor: Scale mail        |    68 |    53 |       |       |       |    27 ||   148
       Skin              |       |    20 |       |       |     2 |       ||    22
       Plate armour      |       |    95 |   248 |   184 |       |       ||   527
       Acid dragon scale |       |       |       |   109 |   449 |    96 ||   654
       Ice dragon scales |       |       |       |       |   138 |       ||   138
Dodge: Dodged            |    40 |    81 |    74 |   394 |  1246 |   284 ||  2119
       Deflected         |       |       |       |    18 |     2 |       ||    20
Block: Shield            |    66 |   144 |   216 |       |       |       ||   426

Table legend:
 A = Non-vault XP
 B = Vault XP
 C = Vault XP percentage of total XP
 D = Non-vault monster count
 E = Vault monster count
 F = Vault count percentage of total count
                 A         B        C        D         E       F
            +---------+---------+-------+---------+---------+-------
      Total |   82624 |   71120 |  46.3 |     553 |     354 |  39.0
            +---------+---------+-------+---------+---------+-------
        D:1 |      22 |       0 |   0.0 |      14 |       0 |   0.0
        D:2 |     151 |      18 |  10.7 |      25 |       9 |  26.5
        D:3 |     106 |      50 |  32.1 |      17 |       1 |   5.6
        D:4 |     472 |     440 |  48.2 |      17 |      11 |  39.3
        D:5 |     781 |       0 |   0.0 |      27 |       0 |   0.0
        D:6 |     538 |     685 |  56.0 |      15 |       1 |   6.2
        D:7 |     468 |     171 |  26.8 |      11 |       3 |  21.4
        D:8 |     416 |       0 |   0.0 |      11 |       0 |   0.0
        D:9 |    2507 |    4488 |  64.2 |      28 |      19 |  40.4
       D:10 |    1855 |       0 |   0.0 |      33 |       0 |   0.0
       D:11 |    5599 |    3550 |  38.8 |      61 |      12 |  16.4
       D:12 |    7653 |     591 |   7.2 |      37 |      17 |  31.5
       D:13 |    6170 |    3286 |  34.8 |      28 |       7 |  20.0
       D:14 |    8589 |    7007 |  44.9 |      33 |      10 |  23.3
       D:15 |    3781 |    4135 |  52.2 |       8 |      11 |  57.9
     Lair:1 |    4803 |    1635 |  25.4 |      22 |       2 |   8.3
     Lair:2 |    5551 |    3611 |  39.4 |      24 |      12 |  33.3
     Lair:3 |    3868 |    7035 |  64.5 |      17 |      49 |  74.2
     Lair:4 |   10163 |    1428 |  12.3 |      42 |      12 |  22.2
     Lair:5 |    6617 |     826 |  11.1 |      27 |       6 |  18.2
     Lair:6 |    9038 |   10024 |  52.6 |      29 |      53 |  64.6
      Orc:1 |    2266 |       0 |   0.0 |      12 |       0 |   0.0
      Orc:2 |     674 |    2925 |  81.3 |      14 |      19 |  57.6
      IceCv |       0 |    6633 | 100.0 |       0 |      54 | 100.0
    Volcano |       0 |    8502 | 100.0 |       0 |      31 | 100.0
   Gauntlet |     536 |    4080 |  88.4 |       1 |      15 |  93.8
            +---------+---------+-------+---------+---------+-------
